 Dungeon Crawl Stone Soup version 0.23.0 (webtiles) character file.

Game seed: 16059159441474526569

27922 inmateoo the Grappler (level 13, -5/116 HPs)
             Began as a Minotaur Monk on Feb 8, 2019.
             Was a High Priest of Cheibriados.
             Shot with an arrow by a centaur warrior (11 damage)
             ... on level 13 of the Dungeon.
             The game lasted 00:15:53 (12031 turns).

inmateoo the Grappler (Minotaur Monk)              Turns: 12031, Time: 00:15:53

Health: -5/116     AC: 17    Str: 32    XL:     13   Next: 7%
Magic:  19/19      EV: 11    Int: 23    God:    Cheibriados [*****.]
Gold:   793        SH: 13    Dex: 30    Spells: 19/22 levels left

rFire    + + .     SeeInvis +     - Unarmed
rCold    + . .     Gourm    +   F - +2 shield of Resistance {rF+ rC+ MR+}
rNeg     . . .     Faith    .   J - +1 chain mail {rF+}
rPois    .         Spirit   .   G - +1 hat {MR+}
rElec    .         Reflect  .   d - +1 cloak
rCorr    .         Harm     .   D - +0 pair of gloves
MR       ++...                  (no boots)
Stlth    ..........             l - amulet of the gourmand
HPRegen  0.29/turn              I - +2 ring of dexterity
MPRegen  0.16/turn              H - ring of see invisible

@: very slow
A: retaliatory headbutt, horns 2
a: Bend Time, Temporal Distortion, Slouch, Step From Time, Renounce Religion


You were on level 13 of the Dungeon.
You worshipped Cheibriados.
Cheibriados was extremely pleased with you.
You were full.

You visited 2 branches of the dungeon, and saw 14 of its levels.

You collected 943 gold pieces.
You spent 150 gold pieces at shops.

Inventory:

Missiles
 r - 6 throwing nets (quivered)
Armour
 d - a +1 cloak (worn)
 D - a +0 pair of gloves (worn)
 F - the +2 shield of Resistance (worn) {rF+ rC+ MR+}
   (You found it on level 9 of the Dungeon)

   It protects you from fire.
   It protects you from cold.
   It affects your resistance to hostile enchantments.
 G - a +1 hat of magic resistance (worn)
 J - a +1 chain mail of fire resistance (worn)
 N - +0 acid dragon scales
Jewellery
 a - an uncursed ring of fire
 l - an amulet of the gourmand (around neck)
 p - a +4 ring of intelligence
 E - the ring "Nitem" {-Tele rC++ Str-3 Int+9 SInv}
   (You bought it in a shop on level 9 of the Dungeon)

   [ring of see invisible]

   It affects your strength (-3).
   It affects your intelligence (+9).
   It greatly protects you from cold.
   It lets you see invisible.
   It prevents most forms of teleportation.
 H - a ring of see invisible (right hand)
 I - a +2 ring of dexterity (left hand)
Wands
 e - a wand of digging (8)
 k - a wand of flame (19)
 q - a wand of polymorph (3)
 t - a wand of random effects (19)
 u - a wand of enslavement (3)
 w - a wand of scattershot (4)
 z - a wand of acid (11)
 A - a wand of clouds (5)
Scrolls
 c - 12 scrolls of identify
 i - 2 scrolls of enchant weapon
 m - 2 scrolls of summoning
 n - 4 scrolls of remove curse
 o - 5 scrolls of enchant armour
 v - a scroll of teleportation
 y - a scroll of magic mapping
Potions
 f - 5 potions of curing
 g - a potion of magic
 h - 5 potions of brilliance
 j - 3 potions of heal wounds
 s - 2 potions of might
 x - 2 potions of berserk rage {unknown}
 B - 3 potions of flight {unknown}
 C - a potion of mutation {unknown}
 K - 2 potions of haste {unknown}
 L - a potion of invisibility
 M - a potion of ambrosia {unknown}
Comestibles
 b - 28 rations


   Skills:
 + Level 11.2 Fighting
 - Level 10.0 Armour
 - Level 5.0 Dodging
 - Level 1.5 Stealth
 + Level 0.6 Shields
 * Level 13.7 Unarmed Combat
 - Level 5.1 Spellcasting
 + Level 4.2 Transmutations
 + Level 4.2 Earth Magic
 * Level 8.4 Invocations


You had 19 spell levels left.
You knew the following spells:

 Your Spells              Type           Power        Failure   Level  Hunger
a - Passwall              Tmut/Erth      ####....     50%         2    None
b - Apportation           Tloc           #.....       91%         1    None

Your spell library contained the following spells:

 Spells                   Type           Power        Failure   Level  Hunger
 Sandblast                Erth           ####..       36%         1    None
 Animate Skeleton         Necr           N/A          91%         1    None
 Confusing Touch          Hex            #.....       91%         1    None
 Flame Tongue             Conj/Fire      #....        91%         1    None
 Magic Dart               Conj           #...         91%         1    None
 Summon Small Mammal      Summ           #...         91%         1    None
 Stone Arrow              Conj/Erth      ###...       95%         3    ##.....
 Searing Ray              Conj           #.....       97%         2    None
 Throw Flame              Conj/Fire      #.....       97%         2    None
 Petrify                  Tmut/Erth      ####....     98%         4    ####...
 Conjure Flame            Conj/Fire      #.......     100%        3    ##.....
 Dazzling Spray           Conj/Hex       #.....       100%        3    ##.....
 Inner Flame              Hex/Fire       #.......     100%        3    ##.....
 Force Lance              Conj/Tloc      #.......     100%        4    ####...
 Fulminant Prism          Conj/Hex       #.........   100%        4    ####...
 Iskenderun's Mystic Bla  Conj           #.......     100%        4    ####...
 Sticky Flame             Conj/Fire      #.......     100%        4    ####...
 Fireball                 Conj/Fire      #.........   100%        5    #####..
 Lee's Rapid Deconstruct  Erth           ####......   100%        5    #####..


Dungeon Overview and Level Annotations

Branches:
Dungeon (13/15)            Temple (1/1) D:7            Lair (0/6) D:11
    Orc (0/2) D:9
 Vaults: D:13-14

Altars:
Ashenzari
Cheibriados
Dithmenos
Elyvilon
Fedhas
Gozag
Hepliaklqana
Kikubaaqudgha
Makhleb
Nemelex Xobeh
Okawaru
Qazlal
Ru
Sif Muna
Trog
Uskayaw
Vehumet
Wu Jian
Xom
Yredelemnul
Zin

Shops:
D:6 :   D:8 (   D:9 ==*   D:10 %   D:12 }

Annotations:
D:9 1 runed translucent door, exclusion: 4 orange crystal statues


Innate Abilities, Weirdness & Mutations

You reflexively headbutt those who attack you in melee.
You have a pair of horns on your head.


Message History

Unknown command.
Unknown command.
You start resting.
The centaur warrior is too close now for your liking.
A centaur warrior is nearby!
A cyclops comes into view.
The centaur warrior shouts!
The cyclops shouts!
You hear a shout!
The centaur warrior wields a +0 longbow.
The centaur warrior shoots an arrow.
The arrow hits you!!
* * * LOW HITPOINT WARNING * * *
The centaur warrior shoots an arrow.
The arrow hits you!
* * * LOW HITPOINT WARNING * * *
The cyclops throws a large rock.
You block the large rock.
You hear a shout!
Things that are here:
a large rock; an arrow The cyclops throws a large rock.
The large rock hits you!
* * * LOW HITPOINT WARNING * * *
The centaur warrior shoots an arrow.
The arrow hits you!
You die...

#. #.# #.# #.#
#.# # #.# # #
#.###.###.##.#
#.....(...cc.#
#####@###.####
#.# # #.# #.#
#C. #.. #..
###.


You could see a centaur warrior, a cyclops and a centaur.

Vanquished Creatures
  Rupert (D:12)
  Gastronok (D:10)
  Harold (D:8)
  A two-headed ogre (D:13)
  A hydra (D:10)
  2 tengu warriors (D:13)
  Urug (D:12)
  3 skeletal warriors (D:11)
  2 unseen horrors
  Pikel (D:5)
  An oklob plant (D:11)
  A manticore (D:12)
  2 ugly things
  2 cyclopes
  Maurice (D:8)
  Psyche (D:8)
  3 gargoyles
  3 komodo dragons
  5 trolls
  A merfolk (D:9)
  A hornet (D:10)
  Prince Ribbit (D:5)
  4 hippogriffs
  A wyvern (D:10)
  5 yaks (D:12)
  2 wraiths
  Grum (D:8)
  A hungry ghost (D:10)
  An acid dragon (D:11)
  3 sky beasts
  8 orc warriors
  A black bear (D:8)
  5 phantoms
  A necrophage (D:12)
  3 ice beasts
  A tengu (shapeshifter) (D:10)
  4 wolves (D:8)
  5 ogres
  10 centaurs
  2 big kobolds
  9 bullfrogs
  A gnoll sergeant (D:5)
  2 scorpions
  10 killer bees
  4 howler monkeys
  4 bullfrog zombies
  2 centaur zombies
  10 crimson imps
  5 jellies
  6 hounds
  A quasit (D:10)
  13 orc priests
  8 orc wizards
  5 bullfrog skeletons
  5 centaur skeletons
  Ijyb (D:4)
  An iguana (D:7)
  9 worker ants
  A hound zombie (D:11)
  A hound skeleton (D:8)
  A howler monkey zombie (D:6)
  2 worker ant zombies (D:5)
  12 gnolls
  14 adders
  A howler monkey skeleton (D:10)
  7 shadow imps
  A white imp (D:8)
  An ooze (D:3)
  3 worms
  2 dart slugs
  5 leopard geckos
  71 orcs
  7 bats
  11 giant cockroaches
  6 goblins
  13 hobgoblins
  12 jackals
  18 kobolds
  7 quokkas
  A ball python (D:2)
  A ball python skeleton (D:4)
  7 frilled lizards
  2 gnoll zombies (D:3)
  A leopard gecko skeleton (D:7)
  A quokka skeleton (D:5)
  A quokka zombie (D:5)
  6 rats
  A plant (D:11)
407 creatures vanquished.

Vanquished Creatures (collateral kills)
  A basilisk (D:12)
1 creature vanquished.

Vanquished Creatures (others)
  A vault guard (D:13)
1 creature vanquished.

Grand Total: 409 creatures vanquished

Notes
Turn   | Place    | Note
-------+----------+-------------------------------------------
     0 | D:1      | inmateoo the Minotaur Monk began the quest for the Orb.
     0 | D:1      | Reached XP level 1. HP: 19/19 MP: 0/0
   210 | D:1      | Reached XP level 2. HP: 19/27 MP: 1/1
   405 | D:1      | Reached skill level 4 in Unarmed Combat
   621 | D:1      | Reached XP level 3. HP: 31/33 MP: 2/2
  1134 | D:2      | Reached XP level 4. HP: 40/41 MP: 3/3
  1190 | D:2      | Reached skill level 1 in Armour
  1570 | D:3      | Reached skill level 5 in Unarmed Combat
  1663 | D:3      | Reached XP level 5. HP: 47/47 MP: 4/4
  2055 | D:3      | Found a basalt altar of Yredelemnul.
  2122 | D:4      | Reached skill level 5 in Fighting
  2124 | D:4      | Noticed an ogre
  2512 | D:3      | Reached XP level 6. HP: 36/56 MP: 5/5
  2788 | D:4      | Reached skill level 6 in Unarmed Combat
  2949 | D:4      | Reached XP level 7. HP: 62/62 MP: 6/6
  2978 | D:4      | Reached skill level 7 in Unarmed Combat
  3367 | D:5      | Entered Level 5 of the Dungeon
  3369 | D:5      | Noticed Ijyb
  3591 | D:4      | Killed Ijyb
  3885 | D:5      | Reached skill level 8 in Unarmed Combat
  3885 | D:5      | Reached XP level 8. HP: 61/71 MP: 7/7
  4100 | D:5      | Reached skill level 5 in Armour
  4132 | D:5      | Noticed Prince Ribbit
  4142 | D:5      | Killed Prince Ribbit
  4303 | D:5      | Noticed Pikel
  4318 | D:5      | Killed Pikel
  4318 | D:5      | Reached skill level 9 in Unarmed Combat
  4440 | D:5      | Reached XP level 9. HP: 68/81 MP: 8/8
  4934 | D:6      | Reached skill level 10 in Unarmed Combat
  4944 | D:6      | Found Ujappy's Book Shoppe.
  5361 | D:6      | Learned a level 2 spell: Passwall
  5743 | D:7      | Found a staircase to the Ecumenical Temple.
  5772 | Temple   | Entered the Ecumenical Temple
  5846 | Temple   | Became a worshipper of Cheibriados the Contemplative
  5846 | Temple   | Reached * piety under Cheibriados
  5846 | Temple   | Reached ** piety under Cheibriados
  5889 | D:7      | Reached skill level 1 in Spellcasting
  6298 | D:8      | Reached skill level 11 in Unarmed Combat
  6298 | D:8      | Reached skill level 1 in Invocations
  6306 | D:8      | Noticed Grum
  6323 | D:8      | Killed Grum
  6323 | D:8      | Reached XP level 10. HP: 25/91 MP: 11/11
  6604 | D:8      | Noticed Psyche
  6607 | D:8      | Paralysed by Psyche for 3 turns
  6613 | D:8      | Noticed Harold
  6617 | D:8      | Killed Psyche
  6633 | D:8      | Killed Harold
  6633 | D:8      | Reached *** piety under Cheibriados
  6702 | D:8      | Found Onisch's Weapon Boutique.
  6864 | D:8      | Reached **** piety under Cheibriados
  6928 | D:8      | Noticed Maurice
  6949 | D:8      | Killed Maurice
  7295 | D:9      | Learned a level 1 spell: Apportation
  7320 | D:9      | Reached skill level 5 in Dodging
  7379 | D:9      | Found Bine's Jewellery Shoppe.
  7599 | D:9      | Found a runed translucent door.
  7617 | D:9      | Found Malet's Assorted Antiques.
  7625 | D:9      | Bought a pitted bronze ring for 150 gold pieces
  7625 | D:9      | Identified the ring "Nitem" {-Tele rC++ Str-3 Int+9 SInv}
                  | (You bought it in a shop on level 9 of the Dungeon)
  7648 | D:9      | Found the +10 large shield of Ignorance {rN+ Int-4}
  7653 | D:9      | Found a runed translucent door.
  7675 | D:9      | Found the +2 shield of Resistance {rF+ rC+ MR+}
  7793 | D:9      | Reached skill level 1 in Transmutations
  7793 | D:9      | Reached skill level 1 in Earth Magic
  7793 | D:9      | Reached XP level 11. HP: 94/99 MP: 14/14
  7801 | D:9      | Found Voum's Jewellery Shop.
  7825 | D:9      | Reached ***** piety under Cheibriados
  8030 | D:9      | Found a staircase to the Orcish Mines.
  8115 | D:9      | Noticed an orange crystal statue
  8118 | D:9      | Noticed an orange crystal statue
  8118 | D:9      | Noticed an orange crystal statue
  8118 | D:9      | Noticed an orange crystal statue
  8166 | D:10     | Entered Level 10 of the Dungeon
  8212 | D:10     | Paralysed by a hornet for 3 turns
  8485 | D:10     | Found Fupn's Food Emporium.
  8564 | D:10     | Reached skill level 12 in Unarmed Combat
  8629 | D:10     | Noticed Gastronok
  8632 | D:10     | Reached skill level 5 in Invocations
  8873 | D:10     | Noticed a seven-headed hydra
  8879 | D:10     | Killed a seven-headed hydra
  8879 | D:10     | Reached skill level 10 in Fighting
  8879 | D:10     | Reached skill level 10 in Armour
  9240 | D:10     | Killed Gastronok
  9337 | D:10     | Noticed an unseen horror
  9341 | D:10     | Killed an unseen horror
  9630 | D:11     | Noticed an oklob plant
  9642 | D:11     | Reached ****** piety under Cheibriados
  9647 | D:11     | Noticed a skeletal warrior
  9656 | D:11     | Noticed a skeletal warrior
  9664 | D:11     | Reached XP level 12. HP: 67/107 MP: 4/17
  9679 | D:11     | HP: 3/107 [ice beast (7)]
 10298 | D:11     | Found a staircase to the Lair.
 10453 | D:12     | Noticed Rupert
 10455 | D:12     | Noticed Urug
 10465 | D:12     | Killed Rupert
 10465 | D:12     | Reached skill level 13 in Unarmed Combat
 10465 | D:12     | Reached skill level 5 in Spellcasting
 10467 | D:12     | Killed Urug
 11099 | D:12     | Found Jabau's Gadget Shoppe.
 11276 | D:13     | Noticed a two-headed ogre
 11285 | D:13     | Killed a two-headed ogre
 11366 | D:13     | Noticed a tengu warrior
 11366 | D:13     | Noticed a tengu warrior
 11390 | D:13     | Killed a tengu warrior
 11396 | D:13     | Killed a tengu warrior
 11396 | D:13     | Reached XP level 13. HP: 101/116 MP: 19/19
 12031 | D:13     | Shot with an arrow by a centaur warrior

Skill      XL: |  1  2  3  4  5  6  7  8  9 10 11 12 |
---------------+-------------------------------------+-----
Fighting       | 4 5 6 7 9 10 11 | 11.2
Unarmed Combat | 4 5 6 8 9 11 12 13 | 13.7
Armour         | 1 2 3 4 6 7 9 10 | 10.0
Dodging        | 4 5 |  5.0
Spellcasting   | 1 3 4 5 |  5.1
Invocations    | 1 4 6 8 |  8.4
Transmutations | 1 2 4 |  4.2
Earth Magic    | 1 2 4 |  4.2
Stealth        | |  1.5
Shields        | |  0.6

Action                   |  1- 3 |  4- 6 |  7- 9 | 10-12 | 13-15 || total
-------------------------+-------+-------+-------+-------+-------++-------
Melee: Unarmed           |    88 |   183 |   314 |   592 |    18 ||  1195
       Headbutt          |    12 |    26 |    55 |   222 |     6 ||   321
       Punch             |     2 |     4 |    11 |     1 |       ||    18
Invok: Slouch            |       |       |       |     3 |       ||     3
       Bend Time         |       |       |       |     1 |       ||     1
Evoke: Wand              |       |       |     6 |       |       ||     6
  Use: Potion            |       |     1 |       |     5 |       ||     6
       Scroll            |       |       |     9 |     6 |     3 ||    18
 Stab: Sleeping          |     1 |       |       |       |       ||     1
       Distracted        |       |       |       |     1 |       ||     1
  Eat: Chunk             |     1 |    10 |    13 |     9 |       ||    33
       Ration            |       |       |       |     2 |       ||     2
Armor: Robe              |     2 |       |       |       |       ||     2
       Ring mail         |    12 |       |       |       |       ||    12
       Chain mail        |    28 |   106 |   151 |   311 |     9 ||   605
Dodge: Dodged            |    58 |    69 |   142 |   241 |     7 ||   517
Block: Shield            |       |       |       |   369 |    17 ||   386
